 Dungeon Crawl Stone Soup version 0.30-a0-702-gdf48620a09 (webtiles) character file.

Game seed: 16041882208611979817

4 Fenrisus the Shooter (level 1, -2/16 HPs)
             Began as a Formicid Hunter on Jan 21, 2023.
             Frozen to death by an endoplasm (5 damage)
             ... on level 1 of the Dungeon.
             The game lasted 00:00:28 (41 turns).

Fenrisus the Shooter (Formicid Hunter)                Turns: 41, Time: 00:00:29

Health: -2/16      AC:  3    Str: 15    XL:     1   Next: 66%
Magic:  1/1        EV: 12    Int:  8    God:
Gold:   5          SH:  0    Dex: 17    Spells: 0/0 levels left

rFire   . . .      SeeInvis +    a - +0 shortbow
rCold   . . .      Faith    .    (no shield)
rNeg    . . .      Spirit   .    c - +0 leather armour
rPois   .          Reflect  .    (helmet unavailable)
rElec   .          Harm     .    (no cloak)
rCorr   .          Rampage  .    (no gloves)
Will    .....                    (no boots)
Stlth   ++                       (no amulet)
HPRegen 0.22/turn                (no ring)
MPRegen 0.07/turn                (no ring)

@: no status effects
A: permanent stasis, dig shafts and tunnels, antennae 3, four strong arms
a: Dig, Shaft Self


You were on level 1 of the Dungeon.
You visited 1 branch of the dungeon, and saw 1 of its levels.

You collected 5 gold pieces.

Inventory:

Hand Weapons
 a - a +0 shortbow (weapon)
Armour
 c - a +0 leather armour (worn)


   Skills:
 + Level 2.3 Fighting
 + Level 4.0 Ranged Weapons
 + Level 1.8 Dodging
 + Level 1.4 Stealth


You couldn't memorise any spells.
You didn't know any spells.
Your spell library was empty.

Dungeon Overview and Level Annotations

Branches:
Dungeon (1/15)

Altars:


Innate Abilities, Weirdness & Mutations

You cannot be hasted, slowed, berserked, paralysed or teleported.
You can dig through walls and to a lower floor.
You have a pair of large antennae on your head. (SInv)
Your four strong arms can wield two-handed weapons with a shield.


Message History

A jackal comes into view.
Read: scroll of immolation
Press: ? - help, Q - select action, (/) - cycle Dir - look around, f - activate Look: a jackal (moderately wounded, susceptible)
As you read the scroll of immolation, it crumbles to dust.
The creatures around you are filled with an inner flame!
The jackal bites you but does no damage.
A jackal comes into view. x2
You shoot an arrow. The arrow closely misses the jackal.
The jackal barks!
You hear an angry hiss.
The jackal barely misses you.
The jackal bites you but does no damage.
You shoot an arrow. The arrow completely misses the jackal.
The jackal bites you. The jackal attacks as you move away!
The jackal bites you.
The jackal bites you but does no damage. x2
The jackal attacks as you move away! The jackal misses you.
The jackal barely misses you. The jackal attacks as you move away!
The jackal bites you. The jackal attacks as you move away!
The jackal misses you.
A frilled lizard comes into view.
The frilled lizard hisses angrily.
The jackal attacks as you move away! The jackal misses you. x2
The jackal attacks as you move away! The jackal bites you.
* * * LOW HITPOINT WARNING * * *
A rat comes into view.
An endoplasm comes into view.
The jackal attacks as you move away! The jackal closely misses you.
The endoplasm quivers.
The jackal barely misses you. The frilled lizard barely misses you.
There is a staircase leading out of the dungeon here.
The jackal attacks as you move away! The jackal misses you.
The frilled lizard attacks as you move away!
The frilled lizard bites you.
* * * LOW HITPOINT WARNING * * *
Found a grey potion.
The endoplasm quivers.
The endoplasm freezes you.
You are frozen.
You die...

#. ##### #.### #.
#....##...##
#.####.##....#..######
#.$.....##..#.#..#.$..
#.......h.h#h..#......
##....#####h....#####.
#....g#hh..h......#..
#......#....h....#...
###....#.†).l@...#..!
#...#......J....#..
#..#####r..J.#####.
#.......#...#......
#........#.#......#
#..#...#..#........
....?...##..........
.....................
#......... ..##...


You could see 2 endoplasms, 8 jackals, a frilled lizard and a rat.

Vanquished Creatures
  An endoplasm (D:1)
  A giant cockroach (D:1)
  A kobold (D:1)
3 creatures vanquished.

Notes
Turn   | Place    | Note
-------+----------+-------------------------------------------
     0 | D:1      | Fenrisus the Formicid Hunter began the quest for the Orb.
     0 | D:1      | Reached XP level 1. HP: 16/16 MP: 1/1
    41 | D:1      | Frozen to death by an endoplasm

Illustrated notes

Levels and vault maps discovered:
D:1:      scummos_arrival_star, layout_rooms, hangedman_decor_peaks_small

Action                   || total
-------------------------++-------
 Fire: Shortbow          ||    17
  Use: Scroll            ||     1
Armor: Leather armour    ||    12
Dodge: Dodged            ||    33

Table legend: (Time is in decaauts)
 A = Elapsed time spent in this place.
 B = Non-inter-level travel time spent in this place.
 C = Inter-level travel time spent in this place.
 D = Time resting spent in this place.
 E = Time spent auto-exploring this place.
 F = Levels seen in this place.
 G = Mean time per level.
                   A        B        C        D        E       F      G
               +--------+--------+--------+--------+--------+-----+--------+
         Total |     47 |     46 |      1 |      0 |      0 |   1 |   47.0 |
       Dungeon |     47 |     46 |      1 |      0 |      0 |   1 |   47.0 |
               +--------+--------+--------+--------+--------+-----+--------+

Top non-repeatable levels by time:
     D:1: 47 daAuts
